 Dungeon Crawl Stone Soup version 0.17-a0-288-gaf424a4 (webtiles) character file.

16703 xeno23 the Arsonist (level 12, -16/101 HPs)
             Began as a Hill Orc Fire Elementalist on Mar 30, 2015.
             Was a High Priest of Vehumet.
             Killed from afar by Nergalle (36 damage)
             ... with a bolt of negative energy
             ... on level 1 of the Lair of Beasts.
             The game lasted 02:19:20 (17999 turns).

xeno23 the Arsonist (Hill Orc Fire Elementalist)   Turns: 17999, Time: 02:19:20

Health: -16/101    AC:  8    Str: 17    XL:     12   Next: 40%
Magic:  4/18       EV: 14    Int: 19    God:    Vehumet [*****.]
Gold:   598        SH:  0    Dex: 15    Spells: 4 memorised, 14 levels left

rFire  + . .     SeeInvis +     O - +7 dagger "Ykhluyl" {pierce, +Fly rF+ Dex+4}
rCold  + . .     Clarity  .     g - +1 leather armour {rC+} (curse)
rNeg   . . .     SustAb   .     (no shield)
rPois  .         Gourm    +     B - +0 helmet
rElec  .         Spirit   .     Q - +0 cloak
rCorr  .         Warding  .     A - +0 pair of gloves
rMut   .         Stasis   .     (no boots)
MR     .....                    S - amulet of the gourmand
Stlth  +.........               v - +5 ring of strength
                                q - ring of see invisible

@: heavily drained, not resistant to hostile enchantments, very unstealthy
A: icy blue scales 1
a: Renounce Religion, Evoke Flight


You were on level 1 of the Lair of Beasts.
You worshipped Vehumet.
Vehumet was extremely pleased with you.
You were full.

You visited 3 branches of the dungeon, and saw 13 of its levels.

You collected 598 gold pieces.

Inventory:

Hand weapons
 H - a +0 trident of pain
 O - the +7 dagger "Ykhluyl" (weapon) {pierce, +Fly rF+ Dex+4}
   (You found it on level 4 of the Dungeon)

   It inflicts extra damage upon your enemies.
   It affects your dexterity (+4).
   It protects you from fire.
   It lets you fly.
 W - a +2 short sword of distortion
Missiles
 h - 43 stones (quivered)
Armour
 g - a cursed +1 leather armour of cold resistance (worn)
 k - a +0 large shield
 A - a +0 pair of gloves (worn)
 B - a +0 helmet (worn)
 F - a +1 scale mail of cold resistance
 Q - a +0 cloak (worn)
Magical staves
 V - an uncursed staff of fire
Jewellery
 a - an uncursed ring of protection from magic
 q - a ring of see invisible (left hand)
 v - a +5 ring of strength (right hand)
 I - a +1 ring of protection
 S - an amulet of the gourmand (around neck)
Magical devices
 l - a wand of draining (14)
 p - a wand of invisibility (0)
 w - a wand of random effects (25)
 M - a wand of polymorph (9)
 X - a wand of confusion (20)
 Y - a wand of flame (22)
Scrolls
 e - a scroll of amnesia
 m - 3 scrolls of remove curse
 s - 3 scrolls of fog
 y - a scroll of enchant armour
 C - a scroll of recharging
 J - 2 scrolls of teleportation
 K - 2 scrolls of identify
 N - a scroll of magic mapping
Potions
 i - a potion of might
 j - 2 potions of brilliance
 n - 4 potions of curing
 o - a potion of cancellation
 t - 2 potions of agility
 x - a potion of resistance
 z - 3 potions of invisibility
 D - a potion of restore abilities
 E - 2 potions of flight
 G - 5 potions of ambrosia
Books
 b - a book of Flames

   Spells                             Type                      Level
   a - Flame Tongue                   Conjuration/Fire             1
   b - Throw Flame                    Conjuration/Fire             2
   c - Conjure Flame                  Conjuration/Fire             3
   d - Inner Flame                    Hexes/Fire                   3
   e - Sticky Flame                   Conjuration/Fire             4
   f - Fireball                       Conjuration/Fire             5
 P - a Fen Folio

   Spells                             Type                      Level
   a - Corpse Rot                     Necromancy                   2
   b - Stone Arrow                    Conjuration/Earth            3
   c - Leda's Liquefaction            Hexes/Earth                  4
   d - Summon Forest                  Summoning/Translocation      5
   e - Hydra Form                     Transmutation                6
   f - Summon Hydra                   Summoning                    7
Miscellaneous
 R - a phial of floods
Comestibles
 c - 7 meat rations
 d - a slice of pizza
 f - 6 beef jerkies
 r - 5 fruits
 u - 3 bread rations
 L - 9 royal jellies
 U - 3 chunks of flesh


   Skills:
 + Level 8.1(6.1) Fighting
 + Level 6.2(4.3) Dodging
 - Level 1.5(0.0) Stealth
 * Level 8.1(6.1) Spellcasting
 - Level 9.0(6.9) Conjurations
 + Level 12.2(10.0) Fire Magic


You had 14 spell levels left.
You knew the following spells:

 Your Spells              Type           Power        Failure   Level  Hunger
a - Flame Tongue          Conj/Fire      #####        1%          1    None
d - Conjure Flame         Conj/Fire      #####...     1%          3    ##.....
f - Fireball              Conj/Fire      #####.....   3%          5    #####..
s - Sticky Flame          Conj/Fire      #####...     1%          4    ####...


Dungeon Overview and Level Annotations

Branches:
Dungeon (11/15)            Temple (1/1) D:4            Lair (1/8) D:9
    Orc (0/4) D:9

Altars:
Ashenzari
Cheibriados
Dithmenos
Elyvilon
Fedhas
Gozag
Kikubaaqudgha
Makhleb
Nemelex Xobeh
Okawaru
Qazlal
Ru
Sif Muna
Trog
Vehumet
Xom
Yredelemnul
Zin
The Shining One
Beogh

Shops:
D:5 [   D:6 *

Portals:
Trove: D:11 (give +5 demon whip)

Annotations:
Lair:1 Nergalle


Innate Abilities, Weirdness & Mutations

You are partially covered in icy blue scales (AC +1).


Message History

* * * LOW HITPOINT WARNING * * *
You take 6 damage.
Nergalle mutters something.
Found a glowing chain mail and a war axe.
The spectral orc warrior hits you but does no damage.
Nergalle points at the spectral orc warrior and mumbles some strange words.
The spectral orc warrior seems to speed up.
Casting: Flame Tongue
Confirm with . or Enter, or press ? or * to list all spells.
Okay, then.
Press: ? - help, v - describe, . - travel
Here: Nergalle, wielding a dagger and wearing a glowing robe (almost dead, standing in death's doorway)
The floor.
The spectral orc warrior completely misses you.
The spectral orc warrior barely misses you.
Nergalle casts a spell at you.
The bolt of negative energy hits the spectral orc warrior.
The spectral orc warrior completely resists.
The bolt of negative energy hits you!
You feel drained.
You die...

#....####.##.
.... ...#
#............ . .
#....%....#
#........##
#.....o..#
#.....Z..#
#......Z.#
#....%...#
#.......@#
#....[).........#
#...............
#...............
###.######.###.
## ##


You could see Nergalle and 2 spectral orc warriors.

Vanquished Creatures
  3 hill giants
  Pikel (D:4)
  An ugly thing (D:11)
  An elephant (D:9)
  Maurice (D:8)
  2 spiny frogs (Lair:1)
  A komodo dragon (Lair:1)
  Grinder (D:5)
  Prince Ribbit (D:6)
  A trapdoor spider zombie (D:11)
  The ghost of Fluffy the Covered, an average GrFi of Okawaru (D:3)
  Sigmund (D:4)
  18 yaks
  2 hippogriffs
  A hungry ghost (D:11)
  Edmund (D:4)
  A porcupine (Lair:1)
  5 water moccasins
  14 orc warriors
  3 ice beasts
  2 slaves (D:4)
  2 black bears
  3 phantoms
  A spider (D:9)
  A wasp (D:9)
  6 iguanas
  A necrophage (D:10)
  4 ogres
  8 centaurs
  An eye of draining (D:10)
  4 sky beasts
  A boring beetle (D:9)
  4 crocodiles
  8 giant frogs
  8 killer bees
  3 scorpions
  4 goliath beetles
  A wasp zombie (D:10)
  18 wights
  4 crimson imps
  3 giant frog zombies
  3 jellies
  13 orc priests
  5 hounds
  6 worker ants
  Terence (D:1)
  A centaur skeleton (D:9)
  14 orc wizards
  A killer bee zombie (D:7)
  2 sheep (D:9)
  A hound skeleton (D:5)
  2 hound zombies
  2 mummies
  Robin (D:4)
  10 adders
  7 gnolls
  A worker ant zombie (D:5)
  4 shadow imps
  2 giant mites
  6 worms (D:2)
  An adder skeleton (D:4)
  80 orcs
  3 bat skeletons
  12 giant cockroaches
  23 goblins
  13 hobgoblins
  6 jackals
  2 oozes
  9 quokkas
  4 ball pythons
  24 bats
  8 giant geckos
  4 giant newts
  A giant spore (D:6)
  A jackal skeleton (D:6)
  A jackal zombie (D:3)
  14 kobolds
  A quokka zombie (D:5)
  9 rats
  A rat zombie (D:5)
  A ballistomycete (D:6)
447 creatures vanquished.

Vanquished Creatures (others)
  A slave (D:4)
  A crimson imp (D:4)
  A centaur skeleton (D:4)
  A giant frog skeleton (D:4)
  An orc (D:4)
  A quokka (D:7)
  A fungus (D:9)
7 creatures vanquished.

Grand Total: 454 creatures vanquished

Notes
Turn   | Place    | Note
--------------------------------------------------------------
     0 | D:1      | xeno23, the Hill Orc Fire Elementalist, began the quest for the Orb.
     0 | D:1      | Reached XP level 1. HP: 14/14 MP: 2/2
   246 | D:1      | Reached XP level 2. HP: 17/20 MP: 0/3
  1306 | D:1      | Reached XP level 3. HP: 10/26 MP: 0/4
  1730 | D:2      | Reached skill level 4 in Fire Magic
  1993 | D:2      | Reached XP level 4. HP: 30/33 MP: 0/5
  2050 | D:2      | Learned a level 3 spell: Conjure Flame
  2428 | D:2      | Noticed Terence
  2859 | D:2      | Found a burning altar of Makhleb.
  3018 | D:2      | Reached XP level 5. HP: 38/38 MP: 2/5
  3298 | D:1      | Killed Terence
  3298 | D:1      | Reached skill level 5 in Fire Magic
  3398 | D:3      | Noticed Fluffy's ghost (average GrFi)
  4064 | D:4      | Reached XP level 6. HP: 43/45 MP: 6/6
  4139 | D:4      | Found a staircase to the Ecumenical Temple.
  4144 | Temple   | Entered the Ecumenical Temple
  4450 | D:4      | Noticed Edmund
  4456 | D:4      | Killed Edmund
  4588 | D:4      | Noticed Robin
  4637 | D:4      | Killed Robin
  4683 | D:4      | Noticed a slave
  4684 | D:4      | Noticed Pikel
  4686 | D:4      | Noticed a slave
  4703 | D:4      | Reached skill level 6 in Fire Magic
  4704 | D:4      | Noticed a slave
  4744 | D:4      | Killed Pikel
  4744 | D:4      | Reached skill level 7 in Fire Magic
  4744 | D:4      | Reached XP level 7. HP: 42/50 MP: 0/7
  4821 | D:4      | Killed a freed slave
  4863 | D:4      | Killed a freed slave
  4996 | D:4      | Reached XP level 8. HP: 33/57 MP: 6/8
  5170 | D:3      | Killed Fluffy's ghost
  5196 | D:3      | Noticed an ogre
  5238 | D:3      | Killed an ogre
  5238 | D:3      | Reached skill level 8 in Fire Magic
  6078 | D:4      | Noticed Sigmund
  6088 | D:4      | Noticed a freed slave
  6122 | D:5      | Entered Level 5 of the Dungeon
  6377 | D:5      | Noticed Grinder
  6379 | D:5      | Paralysed by Grinder for 6 turns
  6390 | D:5      | Paralysed by Grinder for 6 turns
  6403 | D:5      | Killed Grinder
  6703 | D:5      | Learned a level 4 spell: Sticky Flame
  6719 | D:5      | Reached skill level 9 in Fire Magic
  7010 | D:5      | Found an ancient bone altar of Kikubaaqudgha.
  7104 | D:5      | Found a radiant altar of Vehumet.
  7104 | D:5      | Found a blossoming altar of Fedhas.
  7105 | D:5      | Found a basalt altar of Yredelemnul.
  7108 | D:5      | Became a worshipper of Vehumet
  7126 | D:5      | Reached XP level 9. HP: 40/62 MP: 3/9
  7137 | D:5      | Found a shadowy altar of Dithmenos.
  7372 | D:5      | Found Antobuing's Antique Armour Emporium.
  7463 | D:4      | Noticed an ogre
  7467 | D:4      | Killed a freed slave
  7492 | D:4      | Killed an ogre
  7843 | D:4      | Killed Sigmund
  7943 | D:4      | Got a crystal dagger
  7960 | D:4      | Identified the +7 dagger "Ykhluyl" {pierce, +Fly rF+ Dex+4} (You found it on level 4 of the Dungeon)
  8269 | D:5      | Reached skill level 10 in Fire Magic
  8344 | D:5      | Reached skill level 1 in Fighting
  8489 | D:5      | Acquired Vehumet's first power
  8489 | D:5      | Offered knowledge of Shock by Vehumet.
  8824 | D:6      | Found Puwnegi's Practical Paraphernalia.
  9410 | D:6      | Found a stormy altar of Qazlal.
  9486 | D:6      | Reached XP level 10. HP: 75/77 MP: 5/11
  9516 | D:6      | Offered knowledge of Sting by Vehumet.
  9542 | D:6      | Learned a level 5 spell: Fireball
  9644 | D:6      | Found a glowing silver altar of Zin.
  9645 | D:6      | Noticed Prince Ribbit
  9670 | D:6      | Killed Prince Ribbit
 10454 | D:7      | Offered knowledge of Dazzling Spray by Vehumet.
 10878 | D:7      | Acquired Vehumet's second power
 10995 | D:7      | Found a white marble altar of Elyvilon.
 11530 | D:8      | Offered knowledge of Fulminant Prism by Vehumet.
 11555 | D:8      | Gained mutation: You are partially covered in icy blue scales (AC +1). [potion of beneficial mutation]
 11799 | D:8      | Reached skill level 5 in Fighting
 11893 | D:8      | Reached skill level 5 in Spellcasting
 11956 | D:8      | Noticed Maurice
 12000 | D:8      | Acquired Vehumet's third power
 12000 | D:8      | Reached skill level 11 in Fire Magic
 12087 | D:8      | Offered knowledge of Mephitic Cloud by Vehumet.
 12437 | D:8      | Killed Maurice
 12437 | D:8      | Reached XP level 11. HP: 74/88 MP: 7/14
 12521 | D:9      | Found a staircase to the Lair.
 12623 | D:9      | You fall through a shaft!
 12908 | D:11     | Noticed a hill giant
 12908 | D:11     | Noticed an eight-headed hydra
 12908 | D:11     | Noticed an unseen horror
 12935 | D:11     | Noticed a hill giant
 12948 | D:11     | Killed a hill giant
 13019 | D:11     | Noticed a hill giant
 13026 | D:11     | Killed a hill giant
 13026 | D:11     | Reached skill level 5 in Dodging
 13336 | D:11     | Found a portal to a secret trove of treasure.
 14009 | D:11     | Offered knowledge of Venom Bolt by Vehumet.
 14364 | D:10     | Entered Level 10 of the Dungeon
 14892 | D:10     | Noticed a hill giant
 14908 | D:10     | Killed a hill giant
 15480 | D:9      | HP: 4/92 [orc warrior/glaive (17)]
 15491 | D:9      | HP: 1/92 [killer bee (8)]
 16149 | D:9      | Paralysed by a wasp for 3 turns
 16150 | D:9      | Reached XP level 12. HP: 72/100 MP: 12/17
 16765 | D:9      | Reached skill level 12 in Fire Magic
 16875 | D:9      | Found a roughly hewn altar of Beogh.
 16875 | D:9      | Found a staircase to the Orcish Mines.
 17037 | Lair:1   | Entered Level 1 of the Lair of Beasts
 17494 | Lair:1   | Offered knowledge of Bolt of Magma by Vehumet.
 17973 | Lair:1   | Noticed Nergalle
 17999 | Lair:1   | Killed from afar by Nergalle

Action                   |  1- 3 |  4- 6 |  7- 9 | 10-12 || total
-------------------------+-------+-------+-------+-------++-------
Melee: Unarmed           |     6 |       |       |       ||     6
       Club              |    72 |    11 |       |       ||    83
       Dagger            |       |   152 |   118 |   441 ||   711
       Spear             |       |    14 |    40 |       ||    54
       Whip              |       |       |   110 |       ||   110
       Trident           |       |       |   105 |   139 ||   244
Throw: Stone             |       |    12 |     2 |       ||    14
       Javelin           |       |       |     4 |     7 ||    11
 Cast: Flame Tongue      |    62 |    68 |   130 |   165 ||   425
       Conjure Flame     |       |     7 |    16 |    17 ||    40
       Sticky Flame      |       |       |     8 |    67 ||    75
       Fireball          |       |       |       |    38 ||    38
  Use: Scroll            |     3 |     6 |     6 |    11 ||    26
       Potion            |     1 |       |       |     5 ||     6
 Stab: Sleeping          |       |     2 |     1 |     2 ||     5
  Eat: Chunk             |     5 |    10 |    17 |    58 ||    90
       Beef jerky        |       |     1 |       |       ||     1
       Royal jelly       |       |       |     2 |       ||     2
       Fruit             |       |       |       |     1 ||     1
       Pizza             |       |       |       |     1 ||     1
